 Dungeon Crawl Stone Soup version 0.25-b1-23-ge2ad7d536c (webtiles) character file.

Game seed: 15386152424724551019, levelgen mode: deterministic

41753 lepoulpe303 the Unseen (level 13, -6/65 HPs)
             Began as a Spriggan Enchanter on June 3, 2020.
             Was an Elder of Ashenzari.
             Mangled by a catoblepas (10 damage)
             ... while petrified by you
             ... on level 6 of the Lair of Beasts on June 4, 2020.
             The game lasted 01:42:19 (22955 turns).

lepoulpe303 the Unseen (Spriggan Enchanter)        Turns: 22955, Time: 01:42:20

Health: -6/65      AC:  9    Str:  5    XL:     13   Next: 81%
Magic:  26/27      EV:  4    Int: 21    God:    Ashenzari [****..]
Gold:   1356       SH:  0    Dex: 16    Spells: 15/30 levels left

rFire    . . .     SeeInvis +   a - +9 dagger (distort) (curse) {!w}
rCold    . . .     Gourm    .   (shield restricted)
rNeg     + + +     Faith    .   c - +2 robe {Archmagi} (curse)
rPois    ∞         Spirit   .   F - +2 hat (curse)
rElec    .         Reflect  .   m - +2 cloak (curse)
rCorr    .         Harm     .   (gloves unavailable)
MR       ++...     Clarity  +   (boots unavailable)
Stlth    +++++++...             R - amulet of regeneration (curse)
HPRegen  0.60/turn              (no ring)
MPRegen  0.20/turn              (no ring)

@: petrified, very quick
A: very small, unfitting armour, horns 2, see invisible, herbivore, speed 3,
mutation resistance 1, slow metabolism 2
a: Curse Item, Scrying, Renounce Religion


You were on level 6 of the Lair of Beasts.
You worshipped Ashenzari.
Ashenzari was greatly pleased with you.
You were not hungry.

You visited 4 branches of the dungeon, and saw 18 of its levels.

You collected 1726 gold pieces.
You spent 370 gold pieces at shops.

Inventory:

Hand Weapons
 a - a cursed +9 dagger of distortion (weapon) {!w}
Missiles
 j - 12 poisoned darts (quivered)
 u - 4 throwing nets {=f}
 M - 4 curare-tipped darts
Armour
 b - a +0 robe
 c - a cursed +2 robe of the Archmagi (worn)
 m - a cursed +2 cloak (worn)
 o - +0 steam dragon scales
 F - a cursed +2 hat (worn)
 I - a +0 troll leather armour {regen}
 J - a +1 robe of cold resistance {rC+}
 O - a +1 robe of cold resistance {rC+}
Magical Staves
 s - an uncursed staff of fire {rF+}
 H - an uncursed staff of cold {rC+}
Jewellery
 L - an uncursed amulet of magic regeneration
 N - an uncursed ring of flight
 P - an uncursed ring of ice {rC+, rF-}
 R - a cursed amulet of regeneration (around neck)
 S - an uncursed ring of fire {rF+, rC-}
Wands
 y - a wand of paralysis (6)
 A - a wand of polymorph (16)
 C - a wand of disintegration (14)
Scrolls
 f - 2 scrolls of enchant armour
 i - 4 scrolls of identify
 t - 5 scrolls of teleportation
 w - 3 scrolls of remove curse
 x - a scroll of noise {unknown}
 z - 3 scrolls of magic mapping {unknown}
 B - a scroll of blinking {!r}
 D - a scroll of amnesia {unknown}
 U - a scroll of fear {unknown}
 V - a scroll of random uselessness {unknown}
Potions
 d - 2 potions of might
 g - 2 potions of mutation {!q}
 h - 2 potions of haste
 k - 4 potions of stabbing
 l - a potion of heal wounds
 n - 2 potions of resistance
 p - a potion of berserk rage {!q}
 q - 11 potions of curing
 r - a potion of flight
 v - 2 potions of invisibility
 E - a potion of ambrosia {unknown}
 G - 2 potions of lignification {!q}
 T - a potion of magic {unknown}
Miscellaneous
 K - a phantom mirror
 Q - a tin of tremorstones (3/3)
Comestibles
 e - 17 rations


   Skills:
 + Level 6.5 Fighting
 - Level 7.6(11.1) Short Blades
 * Level 15.2(18.1) Dodging
 * Level 15.9(18.8) Stealth
 + Level 9.2 Spellcasting
 * Level 5.3 Conjurations
 * Level 13.6 Hexes
 + Level 1.8 Poison Magic
 + Level 5.4 Evocations


You had 15 spell levels left.
You knew the following spells:

 Your Spells              Type           Power        Failure   Level  Hunger
a - Ensorcelled Hibernat  Hex/Ice        ######       1%          2    None
b - Confusing Touch       Hex            #######.     1%          3    None
c - Tukima's Dance        Hex            #######.     1%          3    None
d - Dazzling Flash        Conj/Hex       ######       1%          3    None
v - Corona                Hex            #######      1%          1    None
x - Mephitic Cloud        Conj/Pois/Air  ####....     8%          3    None

Your spell library contained the following spells:

 Spells                   Type           Power        Failure   Level  Hunger
 Magic Dart               Conj           ####         1%          1    None
 Slow                     Hex            #######.     1%          2    None
 Inner Flame              Hex/Fire       ######..     1%          3    None
 Foxfire                  Conj/Fire      ####         2%          1    None
 Conjure Flame            Conj/Fire      ####....     7%          3    None
 Blink                    Tloc           N/A          11%         2    None
 Call Imp                 Summ           ##......     11%         2    None
 Sticky Flame             Conj/Fire      ####....     24%         4    ##.....
 Fireball                 Conj/Fire      ####......   54%         5    #####..


Dungeon Overview and Level Annotations

Branches:
Dungeon (9/15)             Temple (1/1) D:4            Lair (6/6) D:9
  Swamp (0/4) Lair:2        Snake (0/4) Lair:4        Slime (0/5) Lair:5
    Orc (2/2) D:9             Elf (0/3) Orc:2

Altars:
Ashenzari
Elyvilon
Gozag
Kikubaaqudgha
Makhleb
Nemelex Xobeh
Qazlal
Uskayaw
Wu Jian
Yredelemnul
Zin
The Shining One
Jiyva

Shops:
D:5 !   Orc:2 %*![

Annotations:
Lair:2 venir avec flight ou blink
Abyss:1 Psyche


Innate Abilities, Weirdness & Mutations

You are very small and have problems with some larger weapons.
You are too small for most types of armour.
You have supernaturally acute eyesight. (SInv)
You are a herbivore.
You cover ground extremely quickly.
You need to consume almost no food.
You have a pair of horns on your head.
You are somewhat resistant to further mutation.


Message History

The blast of calcifying dust hits you but does no damage.
The rime drake is engulfed in calcifying dust.
The rime drake stops moving altogether!
You have turned to stone.
You are engulfed in calcifying dust.
The catoblepas gores you.
The rime drake is engulfed in calcifying dust.
You are engulfed in calcifying dust.
The catoblepas gores you!!
You are engulfed in calcifying dust.
The catoblepas gores you!!
* * * LOW HITPOINT WARNING * * *
You are engulfed in calcifying dust.
The catoblepas gores you!
* * * LOW HITPOINT WARNING * * *
The catoblepas gores you!!
* * * LOW HITPOINT WARNING * * *
The catoblepas gores you!!
* * * LOW HITPOINT WARNING * * *
The catoblepas gores you!!
You die...

##############
#............#
##..........P#* ###
##...........# ##.#
#P..§.....P.## #.##
##..........## #.##
##....@.<...## .#.##
##....kY†....# ....#
##......†.##.##
....##
##.[......#..##
.....###P........####
....##..PP......##
.....P..........#
§...P.........###
...............#


You could see a catoblepas and a rime drake (petrified).

Levels and vault maps discovered:
D:1:      kb_arrival_jail, layout_loops_ring
D:2:      layout_basic, lemuel_crystal_altar, chequers_ecumenical_altar_simple,
          makhleb_blood_cavern_becter, uniq_jessica
D:3:      layout_basic, nicolae_qazlal_general_emergency,
          yredelemnul_altar_generic, first_ration, minmay_misc_feat_tower,
          minmay_starry_boxes, uniq_natasha
D:4:      layout_cave_pools, kennysheep_little_box, minmay_temple_entry_hall
D:5:      layout_basic, kennysheep_mini_moat, serial_shops, nicolae_shop_stone
D:6:      layout_basic, overflow_temple_1_default
D:7:      layout_loops_corners, nicolae_overflow_hidden_temple
D:8:      layout_basic, uniq_psyche, uniq_harold
D:9:      kennysheep_blocky_room, layout_basic, dancing_weapons_uskayaw,
          grunt_lair_entry_orc_guard_hut
Temple:   dpeg_chambers_temple
Lair:1:   minmay_guarded_unrand_snakebite, layout_cave_pods
Lair:2:   layout_loops_ring, palyth_hydra_swamp_entry, minmay_lindwurm_lava
Lair:3:   layout_chaotic_city, minmay_holes, uniq_sonja, uniq_fannar
Lair:4:   layout_cave_pods, guppyfry_snake_entry_island, grunt_megastairs_4
Lair:5:   layout_hall_layers, slime_altar_1, minmay_another_anthill
Lair:6:   evil_forest, layout_hall_layers, grunt_megastairs_3,
          infiniplex_staircase_pool_2, lemuel_fruit_tree, uniq_rupert, uniq_urug
Orc:1:    layout_caves
Orc:2:    grunt_orc_tribal_feast, layout_diamond_mine

Notes
Turn   | Place    | Note
-------+----------+-------------------------------------------
     0 | D:1      | lepoulpe303 the Spriggan Enchanter began the quest for the
                  | Orb.
     0 | D:1      | Reached XP level 1. HP: 9/9 MP: 5/5
     2 | D:1      | Noticed an octopode
     2 | D:1      | Noticed a naga
     4 | D:1      | Noticed a halfling
     4 | D:1      | Noticed a human
     6 | D:1      | Noticed a minotaur
     6 | D:1      | Noticed an elf
     8 | D:1      | Noticed a gargoyle
     8 | D:1      | Noticed a merfolk
    10 | D:1      | Noticed a troll
    12 | D:1      | Noticed a formicid
    12 | D:1      | Noticed a ghoul
    16 | D:1      | Noticed a felid
    16 | D:1      | Noticed a dwarf
    18 | D:1      | Noticed a vampire
    18 | D:1      | Noticed a demigod
    20 | D:1      | Noticed a draconian
    20 | D:1      | Noticed a centaur
    22 | D:1      | Noticed a tengu
    22 | D:1      | Noticed an ogre
    24 | D:1      | Noticed a vine stalker
    26 | D:1      | Noticed a spriggan
    26 | D:1      | Noticed a demonspawn
   460 | D:1      | Identified a +0 club
   664 | D:1      | Reached skill level 5 in Stealth
   664 | D:1      | Reached XP level 2. HP: 13/13 MP: 6/6
   675 | D:1      | Learned a level 2 spell: Ensorcelled Hibernation
   901 | D:1      | Reached skill level 2 in Short Blades
   989 | D:1      | HP: 3/13 [kobold (4)]
  1451 | D:2      | Identified a +0 robe
  1451 | D:2      | Noticed Jessica
  1453 | D:2      | Identified a +0 dagger
  1465 | D:2      | HP: 1/13 [Jessica/nerve-wracking pain (7)]
  1786 | D:2      | Killed Jessica
  1786 | D:2      | Reached XP level 3. HP: 16/16 MP: 2/8
  1902 | D:2      | Reached skill level 6 in Stealth
  1905 | D:2      | Found an ornate altar of the Wu Jian Council.
  1938 | D:2      | Found a faded altar of an unknown god.
  1939 | D:2      | Identified a cursed -3 club
  1959 | D:2      | Reached skill level 3 in Short Blades
  2208 | D:2      | Identified a +0 club
  2208 | D:2      | Identified a +0 hunting sling
  2212 | D:2      | Reached XP level 4. HP: 21/21 MP: 1/9
  2538 | D:2      | HP: 5/21 [jackal (1)]
  2887 | D:2      | Learned a level 3 spell: Confusing Touch
  3027 | D:2      | Found a burning altar of Makhleb.
  3030 | D:2      | Reached skill level 7 in Stealth
  3030 | D:2      | Reached XP level 5. HP: 24/24 MP: 10/10
  3092 | D:3      | Identified 3 potions of curing
  3317 | D:3      | Reached skill level 4 in Short Blades
  3555 | D:3      | Identified a +0 club
  3557 | D:3      | Identified a +0 ring mail
  3562 | D:3      | Identified a +0 club
  3593 | D:3      | Noticed Natasha
  3931 | D:3      | Identified a +0 dagger
  3931 | D:3      | Identified a +2 hand axe of flaming
  3931 | D:3      | Identified a +0 ring mail
  3932 | D:3      | Identified a +0 dagger
  4004 | D:3      | Identified a +0 dagger
  4004 | D:3      | Identified a +0 robe
  4096 | D:3      | Identified a +0 dagger
  4096 | D:3      | Identified a +1 robe of the Archmagi
  4233 | D:3      | Identified a +0 club
  4245 | D:3      | Identified a +0 club
  4247 | D:3      | Identified a +0 club
  4248 | D:3      | Identified a +0 giant club
  4248 | D:3      | Noticed an ogre
  4340 | D:3      | Reached skill level 8 in Stealth
  4383 | D:3      | Reached XP level 6. HP: 28/28 MP: 11/11
  4397 | D:3      | Reached skill level 5 in Short Blades
  4397 | D:3      | Reached skill level 3 in Spellcasting
  4426 | D:3      | Identified a +0 hand axe
  4452 | D:3      | Identified a +0 cloak (You found it on level 3 of the
                  | Dungeon)
  4528 | D:3      | Identified a +0 club
  4588 | D:3      | Found a basalt altar of Yredelemnul.
  4595 | D:3      | Identified a +0 dagger
  4651 | D:3      | Killed Natasha
  4651 | D:3      | Reached skill level 4 in Hexes
  4932 | D:3      | Found a stormy altar of Qazlal.
  5169 | D:4      | Identified a cursed -1 club
  5169 | D:4      | Identified a +0 leather armour
  5169 | D:4      | Identified a +0 dagger
  5169 | D:4      | Identified a +0 chain mail
  5169 | D:4      | Identified a +0 leather armour
  5172 | D:4      | Identified a cursed -2 giant club
  5202 | D:3      | Reached skill level 4 in Spellcasting
  5333 | D:3      | Reached skill level 5 in Hexes
  5333 | D:3      | Reached XP level 7. HP: 22/32 MP: 14/14
  5497 | D:4      | Identified a +0 flail
  5498 | D:4      | Identified a +0 leather armour
  5499 | D:4      | Identified a +0 club
  5499 | D:4      | Identified a +0 ring mail
  5500 | D:4      | Identified a +0 club
  5500 | D:4      | Identified a +0 leather armour
  5683 | D:4      | Learned a level 3 spell: Tukima's Dance
  5750 | D:4      | Reached skill level 6 in Hexes
  5782 | D:4      | Identified 4 scrolls of identify
  5881 | D:4      | Identified a +0 giant spiked club
  5897 | D:4      | HP: 8/32 [ogre/+0 giant spiked club (23)]
  6154 | D:4      | Reached skill level 7 in Hexes
  6217 | D:4      | Found a staircase to the Ecumenical Temple.
  6224 | Temple   | Entered the Ecumenical Temple
  6259 | Temple   | Became a worshipper of Ashenzari the Shackled
  6336 | D:4      | Identified a +0 leather armour (You found it on level 4 of
                  | the Dungeon)
  6345 | D:4      | Identified a +0 leather armour
  6352 | D:4      | Found a glowing golden altar of the Shining One.
  6400 | D:4      | Identified a +0 leather armour
  6400 | D:4      | Identified a +0 leather armour (You found it on level 1 of
                  | the Dungeon)
  6400 | D:4      | Identified a +0 leather armour
  6400 | D:4      | Identified a +0 leather armour
  6400 | D:4      | Identified a +0 ring mail
  6400 | D:4      | Identified a +0 scale mail
  6400 | D:4      | Identified a +0 leather armour
  6416 | D:5      | Entered Level 5 of the Dungeon
  6453 | D:5      | Learned a level 3 spell: Dazzling Flash
  6531 | D:5      | Identified a +0 dire flail
  6531 | D:5      | Identified a +0 giant spiked club
  6531 | D:5      | Noticed a two-headed ogre
  6532 | D:5      | Identified a +0 leather armour
  6553 | D:5      | Killed a two-headed ogre
  6553 | D:5      | Reached skill level 8 in Hexes
  6553 | D:5      | Reached skill level 2 in Fighting
  6553 | D:5      | Reached skill level 5 in Dodging
  6553 | D:5      | Reached XP level 8. HP: 26/39 MP: 3/15
  6849 | D:5      | Identified a +0 ring mail
  6864 | D:5      | Found a glowing silver altar of Zin.
  6875 | D:5      | Reached skill level 6 in Dodging
  6908 | D:5      | Found Nuulodib's Distillery.
  6912 | D:5      | Identified a potion of berserk rage
  6913 | D:5      | Identified a potion of degeneration
  6915 | D:5      | Identified 2 potions of stabbing
  6916 | D:5      | Identified 2 potions of mutation
  6917 | D:5      | Identified a potion of haste
  7068 | D:5      | Reached skill level 3 in Fighting
  7246 | D:5      | Identified a +0 dagger
  7246 | D:5      | Identified a cursed +0 robe
  7249 | D:5      | Identified a +0 dagger
  7249 | D:5      | Identified a +0 robe
  7260 | D:5      | Identified a +0 club
  7269 | D:5      | Identified a +0 chain mail
  7365 | D:5      | Reached skill level 7 in Dodging
  7718 | D:6      | Identified +0 steam dragon scales
  7718 | D:6      | Reached skill level 8 in Dodging
  7813 | D:6      | Identified a cursed +0 plate armour
  7837 | D:6      | Identified a +0 flail
  7967 | D:6      | Reached XP level 9. HP: 25/44 MP: 12/16
  8100 | D:6      | Identified a +0 leather armour
  8100 | D:6      | Identified a +1 spear of venom
  8100 | D:6      | Identified a +0 scale mail
  8100 | D:6      | Identified a +0 kite shield
  8101 | D:6      | Identified a +0 halberd
  8425 | D:6      | Identified a +0 giant club
  8518 | D:6      | Identified a +0 scale mail
  8611 | D:6      | Found an ancient bone altar of Kikubaaqudgha.
  8612 | D:6      | Identified a +0 shortbow
  8812 | D:7      | HP: 11/44 [poisoned by a water moccasin]
  8820 | D:7      | HP: 10/44 [poisoned by a water moccasin]
  9124 | D:7      | Reached skill level 9 in Stealth
  9167 | D:7      | Identified a +0 shortbow
  9184 | D:7      | Identified a +0 leather armour
  9226 | D:7      | Reached skill level 9 in Dodging
  9263 | D:7      | Identified a cursed +0 robe
  9433 | D:7      | Identified a +0 shortbow
  9621 | D:7      | Identified a +0 robe
  9642 | D:7      | Identified a +0 shortbow
  9649 | D:7      | Identified a potion of invisibility
  9650 | D:7      | Identified a potion of resistance
  9651 | D:7      | Identified a potion of heal wounds
  9652 | D:7      | Identified a potion of might
  9653 | D:7      | Identified 4 scrolls of teleportation
 10044 | D:8      | Reached skill level 9 in Hexes
 10073 | D:8      | Reached * piety under Ashenzari
 10084 | D:8      | Reached skill level 5 in Spellcasting
 10124 | D:8      | Identified a +0 robe
 10140 | D:8      | Identified the +6 scale mail of Tenacity {Str+4}
 10160 | D:8      | Identified a +0 dagger
 10185 | D:8      | Identified a +4 dagger of distortion
 10185 | D:8      | Identified a +0 robe
 10185 | D:8      | Noticed Psyche
 10221 | D:8      | Banished Psyche
 10311 | D:8      | Identified a +0 club
 10313 | D:8      | Identified a +0 trident
 10313 | D:8      | Identified a +0 leather armour
 10314 | D:8      | Identified a +0 hand axe
 10315 | D:8      | Identified a +0 short sword
 10315 | D:8      | Identified a +0 chain mail
 10318 | D:8      | Identified a +0 dagger
 10318 | D:8      | Identified a +0 robe
 10481 | D:8      | Reached skill level 10 in Stealth
 10490 | D:8      | Identified a cursed -2 club
 10490 | D:8      | Identified a +0 ring mail
 10493 | D:8      | Identified a +0 mace
 10493 | D:8      | Identified a +0 leather armour
 10493 | D:8      | Identified a +0 short sword
 10609 | D:8      | Identified a +0 shortbow
 10642 | D:8      | Reached skill level 6 in Short Blades
 10730 | D:8      | Identified a cursed +0 leather armour
 10730 | D:8      | Reached skill level 10 in Dodging
 10947 | D:8      | Identified a +0 war axe
 10947 | D:8      | Identified a +0 scale mail
 10947 | D:8      | Noticed Harold
 11073 | D:8      | Killed Harold
 11073 | D:8      | Reached skill level 4 in Fighting
 11073 | D:8      | Reached XP level 10. HP: 49/49 MP: 16/19
 11194 | D:8      | Identified a +0 dagger
 11194 | D:8      | Identified a +0 hand axe (You found it on level 1 of the
                  | Dungeon)
 11194 | D:8      | Identified a +0 mace (You found it on level 1 of the
                  | Dungeon)
 11194 | D:8      | Identified a +0 club
 11194 | D:8      | Identified a +0 club
 11194 | D:8      | Identified a +0 dagger
 11194 | D:8      | Identified a cursed -3 whip (You found it on level 3 of the
                  | Dungeon)
 11194 | D:8      | Identified a +0 dagger
 11194 | D:8      | Identified a +0 battleaxe
 11194 | D:8      | Identified a +0 flail
 11194 | D:8      | Identified a +0 club
 11194 | D:8      | Identified a +0 hunting sling
 11194 | D:8      | Identified a +0 trident
 11194 | D:8      | Identified a +0 trident
 11194 | D:8      | Identified a +0 long sword (You found it on level 7 of the
                  | Dungeon)
 11194 | D:8      | Identified a +0 war axe (You found it on level 7 of the
                  | Dungeon)
 11353 | D:9      | Reached skill level 11 in Stealth
 11362 | D:9      | Reached skill level 10 in Hexes
 11567 | D:9      | Identified a +0 dagger
 11577 | D:9      | Reached skill level 6 in Spellcasting
 11601 | D:9      | Reached skill level 11 in Dodging
 11988 | D:9      | Identified a +2 hat (You found it on level 9 of the
                  | Dungeon)
 12014 | D:9      | Identified a +0 scale mail
 12238 | D:9      | Identified a +0 shortbow
 12250 | D:9      | Identified a +0 long sword
 12250 | D:9      | Identified a +0 chain mail
 12250 | D:9      | Identified a cursed -3 flail
 12250 | D:9      | Identified a +0 club
 12250 | D:9      | Identified a +0 leather armour
 12252 | D:9      | Identified a cursed -2 dagger
 12252 | D:9      | Identified a +0 robe
 12253 | D:9      | Identified a cursed +0 dagger
 12304 | D:9      | Found a hide-covered altar of Uskayaw.
 12304 | D:9      | Identified a +0 dagger
 12304 | D:9      | Noticed a +0 dagger
 12309 | D:9      | Identified a +0 dagger
 12309 | D:9      | Noticed a +0 dagger
 12325 | D:9      | Found a staircase to the Orcish Mines.
 12334 | D:9      | Identified a +0 dagger
 12395 | D:9      | Identified a cursed -3 dagger
 12395 | D:9      | Identified a +0 robe
 12395 | D:9      | Identified a +0 short sword
 12401 | D:9      | Identified a +0 hand axe
 12417 | D:9      | Identified a cursed -2 chain mail
 12417 | D:9      | Identified a +0 club
 12505 | D:9      | Identified a +0 club
 12505 | D:9      | Identified a +0 scale mail
 12505 | D:9      | Identified a +0 spear
 12505 | D:9      | Identified a +0 ring mail
 12505 | D:9      | Identified a +0 kite shield
 12534 | D:9      | Identified a cursed +0 great sword
 12534 | D:9      | Identified a +0 robe
 12560 | D:9      | HP: 9/51 [hippogriff (8)]
 12565 | D:9      | HP: 8/51 [hippogriff (1)]
 12944 | D:9      | Reached skill level 12 in Stealth
 12955 | D:9      | Reached skill level 7 in Short Blades
 13144 | D:9      | Identified a +0 scimitar
 13200 | D:9      | Identified a +0 club
 13413 | D:9      | Found a staircase to the Lair.
 13413 | D:9      | Identified a +0 glaive
 13413 | D:9      | Identified a +0 chain mail
 13416 | D:9      | Reached XP level 11. HP: 54/54 MP: 21/21
 13419 | D:9      | Identified a +0 helmet
 13525 | Orc:1    | Entered Level 1 of the Orcish Mines
 13525 | Orc:1    | Identified a +0 flail
 13525 | Orc:1    | Identified a +0 dagger
 13525 | Orc:1    | Identified a +0 robe
 13525 | Orc:1    | Identified a +0 flail
 13525 | Orc:1    | Identified a +0 club
 13525 | Orc:1    | Identified a +4 ring mail
 13525 | Orc:1    | Identified a +0 dagger
 13525 | Orc:1    | Identified a +0 robe
 13525 | Orc:1    | Identified a +0 dagger
 13525 | Orc:1    | Identified a +0 leather armour
 13525 | Orc:1    | Identified a +0 dagger
 13525 | Orc:1    | Identified a +0 robe
 13525 | Orc:1    | Identified a +0 dagger
 13525 | Orc:1    | Identified a +0 robe
 13525 | Orc:1    | Identified a +0 giant spiked club
 13907 | Orc:1    | Identified a +0 whip
 13907 | Orc:1    | Identified a +0 scale mail
 13946 | Orc:1    | Identified a +0 short sword
 13946 | Orc:1    | Identified a +0 plate armour
 13951 | Orc:1    | Identified a +0 club
 13951 | Orc:1    | Identified a +0 leather armour
 14292 | Orc:1    | Identified a +0 troll leather armour
 14489 | Orc:2    | Entered Level 2 of the Orcish Mines
 14489 | Orc:2    | Identified a +0 short sword
 14489 | Orc:2    | Identified a +0 chain mail
 14489 | Orc:2    | Identified a +0 short sword
 14489 | Orc:2    | Identified a +0 leather armour
 14489 | Orc:2    | Identified a +0 leather armour
 14489 | Orc:2    | Identified a +0 giant spiked club
 14489 | Orc:2    | Identified a +0 halberd
 14489 | Orc:2    | Identified a +0 chain mail
 14489 | Orc:2    | Identified a +0 dagger
 14489 | Orc:2    | Identified a +0 robe
 14489 | Orc:2    | Identified a +0 dagger
 14489 | Orc:2    | Identified a +0 robe
 14498 | Orc:2    | Identified a +0 glaive
 14498 | Orc:2    | Identified a +0 plate armour
 14498 | Orc:2    | Identified a +0 dire flail
 14498 | Orc:2    | Identified a +0 great mace
 14498 | Orc:2    | Noticed an ettin
 14501 | Orc:2    | Identified a +2 dagger of venom
 14501 | Orc:2    | Identified a +0 robe
 14506 | Orc:2    | Identified a +0 dagger
 14506 | Orc:2    | Identified a +0 robe
 14509 | Orc:2    | Identified a +0 dagger
 14509 | Orc:2    | Identified a +0 leather armour
 14510 | Orc:2    | HP: 11/54 [orc warrior/+0 glaive (13)]
 14540 | Orc:1    | Killed an ettin
 14540 | Orc:1    | Reached skill level 11 in Hexes
 14774 | Orc:2    | Identified a +0 glaive
 14774 | Orc:2    | Identified a +0 plate armour
 14783 | Orc:2    | Identified a +0 short sword
 14783 | Orc:2    | Identified a +0 chain mail
 14784 | Orc:2    | Identified a +0 giant club
 14790 | Orc:2    | Reached skill level 12 in Dodging
 15066 | Orc:2    | Identified a +0 glaive
 15066 | Orc:2    | Identified a +0 chain mail
 15068 | Orc:2    | Identified a +0 whip
 15069 | Orc:2    | Identified a +0 flail
 15069 | Orc:2    | Identified a +0 mace
 15078 | Orc:2    | Identified a cursed -1 dagger
 15078 | Orc:2    | Identified a +0 robe
 15088 | Orc:2    | Identified a +0 leather armour
 15092 | Orc:2    | Identified a +0 hand axe
 15092 | Orc:2    | Identified a +1 plate armour of fire resistance
 15092 | Orc:2    | Identified a cursed -1 falchion
 15092 | Orc:2    | Identified a +0 leather armour
 15176 | Orc:1    | Reached ** piety under Ashenzari
 15473 | Orc:2    | Identified a +0 giant spiked club
 15500 | Orc:1    | Identified a +0 leather armour
 15501 | Orc:1    | Identified a +0 club
 15502 | Orc:1    | Identified a +0 long sword
 15502 | Orc:1    | Identified a +0 plate armour
 15519 | Orc:1    | Identified a +0 hand axe
 15519 | Orc:1    | Identified a +0 chain mail
 15789 | Orc:2    | Found a staircase to the Elven Halls.
 15846 | Orc:2    | Identified a +0 halberd
 15846 | Orc:2    | Identified a +0 plate armour
 15848 | Orc:2    | Identified a +0 mace
 15848 | Orc:2    | Identified a +0 long sword
 15848 | Orc:2    | Identified a +0 plate armour
 15848 | Orc:2    | Identified a +0 dagger
 15848 | Orc:2    | Identified a +0 giant club
 15848 | Orc:2    | Identified a +0 giant spiked club
 15848 | Orc:2    | Noticed a two-headed ogre
 15909 | Orc:2    | Identified a +0 dagger
 15909 | Orc:2    | Identified a +0 robe
 15957 | Orc:2    | Identified a cursed -2 dagger
 15957 | Orc:2    | Identified a +0 leather armour
 15962 | Orc:2    | Identified a +0 dagger
 15962 | Orc:2    | Identified a +0 robe
 15963 | Orc:2    | Identified a +3 long sword
 15963 | Orc:2    | Identified a +0 plate armour
 15963 | Orc:2    | Noticed an orc knight
 16016 | Orc:2    | Identified a +0 short sword
 16020 | Orc:2    | Identified a +0 hand axe
 16020 | Orc:2    | Identified a +0 chain mail
 16045 | Orc:2    | Killed an orc knight
 16045 | Orc:2    | Reached skill level 5 in Fighting
 16045 | Orc:2    | Reached skill level 7 in Spellcasting
 16066 | Orc:2    | Identified a +0 battleaxe
 16066 | Orc:2    | Identified a +0 plate armour
 16070 | Orc:2    | Identified a +0 dire flail
 16070 | Orc:2    | Identified a +0 chain mail
 16077 | Orc:2    | Identified a +0 falchion
 16077 | Orc:2    | Identified a +0 chain mail
 16082 | Orc:2    | Identified a +0 battleaxe
 16082 | Orc:2    | Noticed an orc high priest
 16151 | Orc:2    | Identified a +0 hand axe
 16151 | Orc:2    | Identified a +0 chain mail
 16153 | Orc:2    | Identified a cursed -3 halberd
 16153 | Orc:2    | Identified a +0 plate armour
 16153 | Orc:2    | Noticed an orc knight
 16166 | Orc:2    | Identified a +0 dagger
 16166 | Orc:2    | Identified a +1 robe of cold resistance
 16166 | Orc:2    | Noticed an orc sorcerer
 16179 | Orc:2    | Killed an orc knight
 16194 | Orc:2    | Killed an orc sorcerer
 16194 | Orc:2    | Reached skill level 1 in Conjurations
 16208 | Orc:2    | HP: 12/55 [orc high priest/+0 battleaxe (10)]
 16209 | Orc:2    | Killed an orc high priest
 16209 | Orc:2    | Reached skill level 13 in Stealth
 16481 | Orc:2    | Identified a +0 dagger
 16481 | Orc:2    | Identified a +1 robe of cold resistance
 16481 | Orc:2    | Noticed an orc sorcerer
 16481 | Orc:2    | Identified a +0 vampiric war axe
 16481 | Orc:2    | Identified a +0 chain mail
 16481 | Orc:2    | Identified a +1 battleaxe
 16481 | Orc:2    | Identified a +0 plate armour
 16481 | Orc:2    | Noticed an orc knight
 16481 | Orc:2    | Identified a +0 hand axe
 16481 | Orc:2    | Noticed an orc high priest
 16512 | Orc:2    | Killed an orc high priest
 16529 | Orc:2    | Killed a two-headed ogre
 16555 | Orc:2    | Identified a cursed -3 trident
 16555 | Orc:2    | Identified a +0 leather armour
 16555 | Orc:2    | Identified a +0 glaive
 16555 | Orc:2    | Identified a +0 plate armour
 16555 | Orc:2    | Noticed an orc knight
 16583 | Orc:2    | Killed an orc knight
 16824 | Orc:2    | Identified a +0 dagger
 16824 | Orc:2    | Identified a +0 robe
 16838 | Orc:2    | Killed an orc sorcerer
 16838 | Orc:2    | Reached skill level 2 in Conjurations
 16850 | Orc:2    | Identified a +0 glaive of protection
 16850 | Orc:2    | Noticed an orc high priest
 16850 | Orc:2    | Identified a +0 dagger
 16850 | Orc:2    | Identified a +1 robe of cold resistance
 16850 | Orc:2    | Noticed an orc sorcerer
 16874 | Orc:2    | Killed an orc high priest
 16937 | Orc:2    | Killed an orc knight
 16956 | Orc:2    | Identified a +0 robe
 16964 | Orc:2    | Found Visinwog's Armour Shoppe.
 16964 | Orc:2    | Found Pesh's Food Shop.
 16966 | Orc:2    | Found Gaaddy's Distillery.
 16966 | Orc:2    | Found Mofresh's Assorted Antiques.
 16973 | Orc:2    | Killed an orc sorcerer
 16973 | Orc:2    | Reached skill level 13 in Dodging
 16980 | Orc:2    | Bought a potion of resistance for 130 gold pieces
 16981 | Orc:2    | Bought a runed bone ring for 120 gold pieces
 16981 | Orc:2    | Bought a dented citrine amulet for 120 gold pieces
 16986 | Orc:2    | Identified 3 scrolls of enchant weapon
 16987 | Orc:2    | Identified 3 scrolls of blinking
 16988 | Orc:2    | Identified 3 scrolls of enchant armour
 17177 | Lair:1   | Entered Level 1 of the Lair of Beasts
 17200 | D:9      | Reached XP level 12. HP: 45/60 MP: 13/24
 17516 | Lair:1   | Identified a +0 scale mail
 17651 | Lair:1   | Identified a +0 whip
 17665 | Lair:1   | Reached skill level 12 in Hexes
 17718 | Lair:1   | Reached skill level 1 in Evocations
 17917 | Lair:1   | Found the +8 whip "Snakebite" {curare, rPois}
 18048 | Lair:1   | Identified a potion of lignification
 18063 | Lair:1   | Identified a +0 scale mail
 18065 | Lair:1   | Identified an amulet of regeneration
 18145 | Lair:1   | Identified a +0 hunting sling
 18149 | Lair:1   | Reached skill level 14 in Stealth
 18149 | Lair:1   | Reached skill level 3 in Conjurations
 18492 | Lair:1   | Gained mutation: You have a pair of small horns on your
                  | head. [potion of mutation]
 18492 | Lair:1   | Gained mutation: You have a pair of horns on your head.
                  | [potion of mutation]
 18492 | Lair:1   | Gained mutation: You are somewhat resistant to further
                  | mutation. [potion of mutation]
 18549 | Lair:2   | Reached skill level 2 in Evocations
 18607 | Lair:2   | Identified a +0 trident
 18645 | Lair:2   | Reached skill level 8 in Spellcasting
 18790 | Lair:2   | Noticed a five-headed hydra
 18799 | Lair:2   | Killed a five-headed hydra
 18893 | Lair:2   | Identified a +0 plate armour
 18907 | Lair:2   | Reached *** piety under Ashenzari
 18977 | Lair:2   | Identified an amulet of magic regeneration
 19190 | Lair:2   | Noticed a four-headed hydra
 19191 | Lair:2   | Found a staircase to the Swamp.
 19263 | Lair:2   | Killed a four-headed hydra
 19263 | Lair:2   | Reached skill level 3 in Evocations
 19371 | Lair:2   | Identified a cursed -3 lajatang
 19386 | Lair:2   | Identified a +0 great sword
 19412 | Lair:2   | Identified a +0 chain mail
 19412 | Lair:2   | Identified a ring of protection from fire
 19426 | Lair:2   | Identified an amulet of faith
 19563 | Lair:3   | Identified a +0 leather armour
 19593 | Lair:3   | Reached skill level 14 in Dodging
 19618 | Lair:3   | Identified a +0 broad axe
 19641 | Lair:3   | Identified a +0 arbalest
 19654 | Lair:3   | Identified a +0 dagger of distortion
 19654 | Lair:3   | Noticed Sonja
 19661 | Lair:3   | Killed Sonja
 19685 | Lair:3   | Reached skill level 4 in Conjurations
 19689 | Lair:3   | Reached skill level 6 in Fighting
 19819 | Lair:3   | Identified a +0 quarterstaff
 19828 | Lair:3   | Reached XP level 13. HP: 65/65 MP: 26/26
 19829 | Lair:3   | Identified a +0 quarterstaff of freezing
 19829 | Lair:3   | Identified a +1 robe of cold resistance
 19829 | Lair:3   | Identified an uncursed ring of ice
 19829 | Lair:3   | Noticed Fannar
 19874 | Lair:3   | Killed Fannar
 19885 | Lair:3   | Reached skill level 15 in Stealth
 19924 | Lair:3   | Reached skill level 4 in Evocations
 20297 | Lair:4   | Reached **** piety under Ashenzari
 20298 | Lair:4   | Identified a potion of flight
 20301 | Lair:4   | Identified a +0 battleaxe
 20400 | Lair:4   | Identified a +0 morningstar
 20431 | Lair:4   | Reached skill level 13 in Hexes
 20594 | Lair:4   | Identified a ring of fire
 20602 | Lair:4   | Identified a +0 chain mail
 20730 | Lair:4   | Identified a +0 morningstar
 20731 | Lair:4   | Found a staircase to the Snake Pit.
 20731 | Lair:4   | Identified a +0 short sword
 20732 | Lair:4   | Identified a +0 war axe
 20957 | Lair:4   | Identified a cursed +0 leather armour
 21352 | Lair:5   | Identified a +1 long sword of electrocution
 21476 | Lair:5   | Identified a +0 chain mail
 21490 | Lair:5   | Identified a +0 chain mail
 21533 | Lair:5   | Noticed an entropy weaver
 21535 | Lair:5   | Identified a ring of flight
 21629 | Lair:5   | Learned a level 3 spell: Mephitic Cloud
 21703 | Lair:5   | Killed an entropy weaver
 21703 | Lair:5   | Reached skill level 9 in Spellcasting
 21759 | Lair:5   | Identified a +0 trident
 21842 | Lair:5   | Noticed an entropy weaver
 21869 | Lair:5   | HP: 16/65 [entropy weaver (5)]
 21966 | Lair:5   | Banished an entropy weaver
 21982 | Lair:5   | Reached skill level 5 in Conjurations
 21982 | Lair:5   | Reached skill level 1 in Poison Magic
 22090 | Lair:5   | Reached skill level 5 in Evocations
 22210 | Lair:5   | Reached skill level 15 in Dodging
 22377 | Lair:5   | Found a viscous altar of Jiyva.
 22378 | Lair:5   | Identified the cursed +0 leather armour of Loss {rCorr
                  | Dex+2}
 22378 | Lair:5   | Found a staircase to the Slime Pits.
 22554 | Lair:6   | Entered Level 6 of the Lair of Beasts
 22554 | Lair:6   | Identified a +0 ring mail
 22758 | Lair:6   | Identified a +0 demon trident of electrocution
 22758 | Lair:6   | Identified a +2 ring mail of fire resistance
 22758 | Lair:6   | Noticed Urug
 22766 | Lair:6   | Killed Urug
 22953 | Lair:6   | HP: 14/65 [catoblepas (15)]
 22954 | Lair:6   | HP: 3/65 [catoblepas (12)]
 22955 | Lair:6   | Mangled by a catoblepas

Table legend:
 A = Turns spent in this place as a percentage of turns spent in the entire game.
 B = Non-inter-level travel turns spent in this place as a percentage of non-inter-level travel turns spent in the entire game.
 C = Inter-level travel turns spent in this place as a percentage of turns spent in this place.
 D = Turns resting spent in this place as a percentage of non-inter-level travel turns spent in this place.
 E = Turns spent auto-exploring this place as a percentage of non-inter-level travel turns spent in this place.
 F = Non-inter-level travel turns spent in this place divided by the number of levels of this place that you've seen.
                   A       B       C       D       E      F
               +-------+-------+-------+-------+-------+----------------------
         Total | 100.0 | 100.0 |   3.2 |  30.2 |  40.8 | 1234.1
       Dungeon |  60.7 |  61.1 |   2.6 |  35.0 |  36.3 | 1509.0
        Temple |   0.2 |   0.2 |  26.0 |   0.0 |  73.0 |  37.0
          Lair |  24.8 |  24.2 |   5.7 |  12.4 |  57.8 | 895.8
  Orcish Mines |  14.2 |  14.5 |   1.3 |  40.4 |  30.7 | 1610.5
               +-------+-------+-------+-------+-------+----------------------

Table legend:
 A = Kills in this place as a percentage of kills in entire the game.
 B = Kills by you in this place as a percentage of kills by you in the entire game.
 C = Kills by friends in this place as a percentage of kills by friends in the entire game.
 D = Other kills in this place as a percentage of other kills in the entire game.
 E = Experience gained in this place as a percentage of experience gained in the entire game.
 F = Experience gained in this place divided by the number of levels of this place that you have seen.
                   A       B       C       D       E      F
               +-------+-------+-------+-------+-------+----------------------
         Total | 100.0 | 100.0 | 100.0 | 100.0 | 100.0 | 3313.8
       Dungeon |  52.8 |  56.3 |  47.1 |   6.9 |  19.7 | 1304.8
          Lair |  31.0 |  29.9 |   0.0 |  65.5 |  63.0 | 6261.0
  Orcish Mines |  16.2 |  13.8 |  52.9 |  27.6 |  17.3 | 5169.5
               +-------+-------+-------+-------+-------+----------------------

Skill      XL: |  1  2  3  4  5  6  7  8  9 10 11 12 13 |
---------------+----------------------------------------+-----
Stealth        | 5 6 7 8 10 12 13 14 15 | 15.9
Short Blades   | 2 3 4 5 6 7 |  7.6
Spellcasting   | 4 5 6 7 8 9 |  9.2
Hexes          | 5 8 9 10 11 12 13 | 13.6
Fighting       | 2 3 4 5 6 |  6.5
Dodging        | 5 8 10 11 13 14 15 | 15.2
Conjurations   | 2 4 5 |  5.3
Evocations     | 3 5 |  5.4
Poison Magic   | 1 |  1.8

Action                   |  1- 3 |  4- 6 |  7- 9 | 10-12 | 13-15 || total
-------------------------+-------+-------+-------+-------+-------++-------
Melee: Dagger            |   158 |   402 |   665 |   680 |   281 ||  2186
       Headbutt          |       |       |       |    15 |    42 ||    57
Throw: Dart              |       |    24 |    20 |   119 |    10 ||   173
 Cast: Ensorcelled Hiber |    14 |    16 |    12 |     3 |       ||    45
       Corona            |     1 |     1 |       |       |       ||     2
       Confusing Touch   |       |     4 |    34 |    55 |    15 ||   108
       Tukima's Dance    |       |       |     4 |    16 |       ||    20
       Dazzling Flash    |       |       |     1 |    12 |    11 ||    24
       Mephitic Cloud    |       |       |       |       |     5 ||     5
Invok: Curse Item        |       |       |     2 |     4 |       ||     6
Evoke: Wand              |       |       |       |       |     2 ||     2
  Use: Potion            |       |     1 |       |     2 |     1 ||     4
       Scroll            |       |       |    11 |    11 |     2 ||    24
 Stab: Sleeping          |    12 |    13 |    29 |    40 |    12 ||   106
       Distracted        |     1 |     2 |     1 |       |       ||     4
       Confused          |       |     4 |    39 |    58 |    12 ||   113
       Invisible         |       |       |     2 |    18 |    12 ||    32
       Petrified         |       |       |       |       |     2 ||     2
  Eat: Ration            |       |     3 |     4 |     6 |     1 ||    14
Armor: Robe              |     7 |    40 |    43 |    26 |    14 ||   130
Dodge: Dodged            |   107 |   342 |   438 |   455 |   204 ||  1546

Vanquished Creatures
  An entropy weaver (Lair:5)
  Fannar (Lair:3)
  5 hydras
  Harold (D:8)
  A two-headed ogre (Orc:2)
  A queen ant (Lair:5)
  Urug (Lair:6)
  3 orc high priests (Orc:2)
  Sonja (Lair:3)
  2 orc knights (Orc:2)
  3 orc sorcerers (Orc:2)
  7 elephants
  6 black mambas
  7 spiny frogs
  5 komodo dragons
  A troll (Orc:1)
  7 blink frogs
  A polar bear (Lair:2)
  3 dream sheep (Lair:4)
  8 hippogriffs
  A wyvern (D:8)
  22 yaks
  2 basilisks (Lair:2)
  A hungry ghost (D:9)
  A vampire mosquito (D:9)
  A steam dragon (D:6)
  2 wargs
  3 nagas (Lair:4)
  3 soldier ants (Lair:5)
  12 water moccasins
  14 porcupines
  4 ice beasts
  9 orc warriors
  A black bear (D:9)
  A necrophage (D:6)
  8 ogres
  6 centaurs
  6 crocodiles
  14 bullfrogs
  2 scorpions
  A wight (D:9)
  2 howler monkeys
  3 crimson imps
  A bullfrog zombie (D:5)
  A bullfrog skeleton (D:5)
  6 orc priests
  2 jellies (D:9)
  5 hounds
  Jessica (D:2)
  2 iguanas
  Natasha (D:3)
  18 orc wizards
  21 worker ants
  4 hound skeletons
  2 gnolls (D:6)
  21 adders
  3 oozes
  An adder skeleton (D:4)
  4 worms
  A dart slug (D:3)
  9 leopard geckos
  44 orcs
  4 bats
  9 giant cockroaches
  10 hobgoblins
  20 jackals
  3 quokkas
  2 ball pythons
  4 frilled lizards
  7 goblins
  9 kobolds
  6 rats
405 creatures vanquished.

Vanquished Creatures (collateral kills)
  An ettin (Orc:1)
  A two-headed ogre (D:5)
  2 orc knights (Orc:2)
  6 orc warriors
  2 gnoll sergeants
  An orc priest (Orc:2)
  A gnoll (D:6)
  3 orcs (D:9)
17 creatures vanquished.

Vanquished Creatures (others)
  An entropy weaver (Lair:5)
  2 elephants (Lair:5)
  2 black mambas (Lair:1)
  3 spiny frogs
  3 komodo dragons
  3 trolls
  A dream sheep (Lair:4)
  2 dancing weapons
  4 yaks
  A water moccasin (Lair:5)
  2 orc warriors (Orc:2)
  A bullfrog (Lair:3)
  2 orc priests (Orc:2)
  2 orc wizards
  A worker ant (Lair:5)
  3 orcs
  3 fungi
36 creatures vanquished.

Grand Total: 458 creatures vanquished
